 Dungeon Crawl Stone Soup version 0.18-a0-1145-g178b0c7 (webtiles) character file.

64894 Chiseanne the Fighter (level 14, -5/122 HPs)
             Began as a Centaur Air Elementalist on Jan 21, 2016.
             Was an Initiate of Gozag.
             Engulfed by a cloud of flame (20 damage)
             ... on level 11 of the Dungeon on Jan 22, 2016.
             The game lasted 02:06:07 (38227 turns).

Chiseanne the Fighter (Centaur Air Elementalist)   Turns: 38227, Time: 02:06:08

Health: -5/122     AC: 11    Str: 11    XL:     14   Next: 73%
Magic:  18/21      EV: 20    Int: 24    God:    Gozag
Gold:   1885       SH:  0    Dex: 14    Spells: 4 memorised, 14 levels left

rFire  + . .     SeeInvis .     a - +4 battleaxe of Tebuteug {chop, MR+ Int+6 Dex+3}
rCold  . . .     Gourm    .     C - +2 robe {rF+}
rNeg   . . .     Faith    .     (shield currently unavailable)
rPois  +         Spirit   .     M - +0 helmet
rElec  .         Dismiss  .     t - +2 cloak {rPois}
rCorr  .         Reflect  .     (no gloves)
SustAt .         Harm     .     (no barding)
MR     ++...                    O - amulet of magic regeneration
Stlth  ++........               c - +5 ring of evasion (curse)
                                u - ring "Zamauz" {+Fly Slay+5 Stlth+}

@: gold aura, very quick, very resistant to hostile enchantments, unstealthy
A: hooves 3, deformed body, speed 2, tough skin 3
a: Potion Petition, Call Merchant, Bribe Branch, Renounce Religion, Evoke Flight


You were on level 11 of the Dungeon.
You worshipped Gozag.
Gozag was noncommittal.
You were full.

You visited 4 branches of the dungeon, and saw 24 of its levels.
You visited 1 bazaar.
You also visited: Volcano.

You collected 6933 gold pieces.
You spent 3349 gold pieces at shops.
You paid 1699 gold pieces to Gozag.

Inventory:

Hand Weapons
 a - the +4 battleaxe of Tebuteug (weapon) {chop, MR+ Int+6 Dex+3}
   (You found it on level 6 of the Lair of Beasts)

   It inflicts extra damage upon your enemies.
   It affects your intelligence (+6).
   It affects your dexterity (+3).
   It affects your resistance to hostile enchantments.
 s - the +6 scimitar of Flaming Death {sticky flame, rPois rF++ rC- MR+}
   (You found it on level 12 of the Dungeon)

   It has been specially enchanted to burn those struck by it, causing extra
   injury to most foes and up to half again as much damage against particularly
   susceptible opponents.
   Big, fiery blades are also staple armaments of hydra-hunters.
   It greatly protects you from fire.
   It makes you vulnerable to cold.
   It protects you from poison.
   It affects your resistance to hostile enchantments.
 w - a +0 blowgun
Missiles
 z - 6 poisoned needles
Armour
 m - a +2 gold dragon armour
 t - a +2 cloak of poison resistance (worn)
 C - a +2 robe of fire resistance (worn)
 G - the +1 robe of Waiwof {MR+ Str+3}
   (You found it on level 7 of the Lair of Beasts)

   It affects your strength (+3).
   It affects your resistance to hostile enchantments.
 M - a +0 helmet (worn)
 N - the +0 leather armour of Qazlal's Condemnation {rN++ Regen+ Slay-4}
   (You found it on level 4 of the Dungeon)

   It affects your accuracy and damage with ranged weapons and melee attacks
   (-4).
   It greatly protects you from negative energy.
   It increases your rate of regeneration.
Magical Staves
 E - an uncursed staff of wizardry
 L - an uncursed staff of air
Rods
 y - a +1 rod of the swarm (13/13)
   (You found it on level 6 of the Dungeon)
Jewellery
 c - a cursed +5 ring of evasion (right hand)
 u - the ring "Zamauz" (left hand) {+Fly Slay+5 Stlth+}
   (You bought it in a shop on level 9 of the Dungeon)

   [ring of slaying]

   It affects your accuracy and damage with ranged weapons and melee attacks
   (+5).
   It lets you fly.
   It makes you more stealthy.
 O - an amulet of magic regeneration (around neck)
 P - a +6 ring of intelligence
 T - an uncursed ring of see invisible
 Y - an uncursed ring of poison resistance
Wands
 e - a wand of draining (6/15)
 j - a wand of fire (4/15)
 l - a wand of teleportation (5/9)
 r - a wand of digging (0/24)
 D - a wand of hasting (5/9)
 J - a wand of draining (11/15)
 U - a wand of disintegration (0/24)
 Z - a wand of cold (6/15)
Scrolls
 f - 4 scrolls of teleportation
 h - 3 scrolls of fear
 o - 2 scrolls of magic mapping
 q - 3 scrolls of enchant weapon
 B - 7 scrolls of remove curse
 F - 4 scrolls of identify
 H - 6 scrolls of amnesia
 K - a scroll of brand weapon
 Q - 2 scrolls of immolation
Potions
 d - a potion of flight
 g - 4 potions of curing
 i - 3 potions of brilliance
 p - a potion of cure mutation
 A - 4 potions of haste
 S - 2 potions of berserk rage
 V - 3 potions of ambrosia
 W - 2 potions of resistance
 X - 2 potions of cancellation
Books
 b - a book of Air

   Spells                             Type                      Level
   a - Shock                          Conjuration/Air              1
   b - Swiftness                      Charms/Air                   2
   c - Repel Missiles                 Charms/Air                   2
   d - Static Discharge               Conjuration/Air              3
   e - Lightning Bolt                 Conjuration/Air              5
 n - a book of Debilitation

   Spells                             Type                      Level
   a - Corona                         Hexes                        1
   b - Slow                           Hexes                        2
   c - Gell's Gravitas                Hexes/Translocation          3
   d - Inner Flame                    Hexes/Fire                   3
   e - Cause Fear                     Hexes                        4
   f - Leda's Liquefaction            Hexes/Earth                  4
 v - a book of the Dragon

   Spells                             Type                      Level
   a - Flame Tongue                   Conjuration/Fire             1
   b - Cause Fear                     Hexes                        4
   c - Bolt of Fire                   Conjuration/Fire             6
   d - Dragon Form                    Transmutation                7
   e - Dragon's Call                  Summoning                    9
 R - a book of the Tempests

   Spells                             Type                      Level
   a - Static Discharge               Conjuration/Air              3
   b - Lightning Bolt                 Conjuration/Air              5
   c - Fireball                       Conjuration/Fire             5
   d - Tornado                        Air                          9
   e - Shatter                        Earth                        9
Comestibles
 k - 14 meat rations
 x - 3 bread rations


   Skills:
 - Level 10.4 Fighting
 - Level 10.3 Long Blades
 - Level 10.3 Armour
 - Level 10.4 Dodging
 - Level 1.2 Stealth
 * Level 5.3 Spellcasting
 - Level 0.8 Conjurations
 * Level 5.7 Fire Magic
 * Level 6.6 Air Magic


You had 14 spell levels left.
You knew the following spells:

 Your Spells              Type           Power        Failure   Level  Hunger
a - Shock                 Conj/Air       ###.         1%          1    None
b - Repel Missiles        Chrm/Air       ###...       3%          2    None
c - Static Discharge      Conj/Air       ###.....     6%          3    ##.....
d - Inner Flame           Hex/Fire       ###.....     10%         3    ##.....


Dungeon Overview and Level Annotations

Branches:
Dungeon (14/15)            Temple (1/1) D:6            Lair (8/8) D:8
 Shoals (0/4) Lair:4       Spider (0/4) Lair:6        Slime (0/6) Lair:7
    Orc (1/2) D:11
 Vaults: D:13-14

Altars:
Ashenzari
Cheibriados
Dithmenos
Elyvilon
Fedhas
Gozag
Kikubaaqudgha
Makhleb
Nemelex Xobeh
Okawaru
Pakellas
Qazlal
Ru
Sif Muna
Trog
Vehumet
Xom
Yredelemnul
Zin
The Shining One

Shops:
D:4 :   D:6 %   D:7 *   D:9 =   D:10 *   Lair:4 %

Portals:
Hell: Lair:8

Annotations:
D:3 derval's ghost, amateur MfSk
D:4 timbw's ghost, amateur HuFi
D:12 1 runed door
Lair:6 exclusion: obsidian statue


Innate Abilities, Weirdness & Mutations

You have hooves in place of feet.
Armour fits poorly on your strangely shaped body.
You cover ground very quickly.
You have extremely tough skin (AC +3).


Message History

The wight is distracted by the nearby gold.
The wight hits you but does no damage.
The kobold shouts!
You hit the wight but do no damage. Your kick misses the wight.
The wight is almost destroyed.
You are engulfed in roaring flames.
You resist.
* * * LOW HITPOINT WARNING * * *
The wight barely misses you.
The big kobold throws a stone.
The stone barely misses you.
You slash the wight!
The wight explodes!
The fiery explosion engulfs the kobold.
You kill the kobold!
The fiery explosion engulfs the big kobold.
You kill the big kobold!
The fiery explosion engulfs you! You resist.
* * * LOW HITPOINT WARNING * * *
You are engulfed in roaring flames.
You resist.
You die...
Your body crumbles into a pile of gold.

##.####.### ####...........
#..###...######..............
#..##.....##...D.)...........
##.#..$.........zz...........
#.D..$$........##../........
##........zK.####...##.......
##........K§### #...####.....
##..#......K§§### #..(#
###..#
#..##......z§§@.###...# ####
##.####.....###§..##...#
##..# #....## ##...$...#
#..## #...## ###(.(..# ..##
##.## ##....# ..# ### ###..##
### ..# ##[.# ####.. #.##
###.###..... #.[##
###.........##


You could see 2 wights and 2 kobolds.

Vanquished Creatures
  An orc warlord (D:11)
  Snorg (Lair:4)
  4 hydras
  A catoblepas (Lair:8)
  2 centaur warriors
  Erica (Lair:2)
  7 death yaks (Lair:8)
  Nergalle (Lair:3)
  A fire crab (Lair:8)
  A wizard (Lair:8)
  An unseen horror (D:10)
  5 hill giants
  2 orc knights
  2 wolf spiders (Lair:6)
  9 elephants
  A cyclops (D:12)
  An orc sorcerer (Orc:1)
  2 ugly things (D:11)
  A sixfirhy (Lair:8)
  3 griffons
  A manticore (Lair:4)
  2 torpor snails
  A smoke demon (Lair:8)
  16 spiny frogs
  6 orange demons (Lair:8)
  7 black mambas
  A hellwing (Lair:8)
  7 komodo dragons
  An ice devil (Lair:8)
  A kobold demonologist (D:13)
  3 fire drakes
  A queen bee (D:9)
  3 trolls
  3 polar bears
  26 blink frogs
  A redback (Lair:6)
  Sigmund (D:6)
  2 wyverns
  24 yaks
  5 basilisks
  A fire bat (Volcano)
  2 hungry ghosts
  8 hippogriffs
  3 wargs (Orc:1)
  4 wolves (Lair:7)
  11 water moccasins
  14 porcupines
  3 hell hounds (Lair:8)
  9 orc warriors
  6 ice beasts
  A black bear (D:10)
  2 wasps
  A necrophage (D:10)
  3 sky beasts
  2 phantoms
  21 crocodiles
  5 ogres
  6 centaurs
  2 big kobolds (D:11)
  24 giant frogs
  A gnoll sergeant (D:10)
  2 scorpions
  23 killer bees
  8 wights
  2 vampire bats (Lair:2)
  2 electric eels (Lair:6)
  4 giant frog zombies
  2 lava snakes (Volcano)
  3 centaur zombies
  3 crimson imps
  A quasit (D:9)
  12 orc priests
  4 hounds
  Crazy Yiuf (D:2)
  A gnoll shaman (D:10)
  2 giant frog skeletons
  12 iguanas
  16 orc wizards
  4 worker ants
  3 hound zombies
  A hound skeleton (D:10)
  2 worker ant zombies
  15 gnolls
  16 adders
  112 river rats
  2 shadow imps
  An adder skeleton (D:6)
  3 worms
  3 giant geckos
  90 orcs
  8 bats
  4 giant cockroaches
  3 goblins
  9 hobgoblins
  4 jackals
  4 quokkas
  5 giant newts
  12 kobolds
  A quokka zombie (D:5)
  9 rats
  13 fungi
  4 plants
714 creatures vanquished.

Vanquished Creatures (collateral kills)
  A wolf spider (Lair:1)
  A guardian serpent (D:14)
  A shadow (D:11)
  A killer bee (D:9)
  A centaur skeleton (D:9)
  2 river rats (Lair:1)
  A quokka zombie (D:9)
8 creatures vanquished.

Vanquished Creatures (others)
  An ice beast (D:8)
  4 bushes
  28 fungi
  22 plants
55 creatures vanquished.

Grand Total: 777 creatures vanquished

Notes
Turn   | Place    | Note
--------------------------------------------------------------
     0 | D:1      | Chiseanne the Centaur Air Elementalist began the quest for the Orb.
     0 | D:1      | Reached XP level 1. HP: 14/14 MP: 3/3
   161 | D:1      | Reached skill level 1 in Fighting
   513 | D:1      | Reached XP level 2. HP: 17/23 MP: 4/4
   914 | D:2      | You fall through a shaft!
   973 | D:3      | Found a radiant altar of Vehumet.
  1069 | D:2      | Found a sacrificial altar of Ru.
  1933 | D:2      | Reached XP level 3. HP: 25/30 MP: 5/5
  1941 | D:2      | Found a burning altar of Makhleb.
  2142 | D:2      | Noticed Crazy Yiuf
  2197 | D:2      | Killed Crazy Yiuf
  2197 | D:2      | Reached skill level 3 in Fighting
  2197 | D:2      | Reached skill level 1 in Armour
  2534 | D:2      | Reached XP level 4. HP: 38/38 MP: 6/6
  2754 | D:3      | Noticed derval's ghost (amateur MfSk)
  3482 | D:4      | Found a shattered altar of Ashenzari.
  3482 | D:4      | Found an oddly glowing altar of Pakellas.
  3508 | D:4      | Noticed timbw's ghost (amateur HuFi)
  3631 | D:4      | Reached XP level 5. HP: 46/46 MP: 7/7
  3713 | D:4      | Found an iron altar of Okawaru.
  3783 | D:4      | Noticed a phantom
  3834 | D:4      | Reached skill level 4 in Fighting
  3899 | D:4      | Noticed an ogre
  4285 | D:4      | Got a transparent leather armour
  4299 | D:4      | Identified the +0 leather armour of Qazlal's Condemnation {rN++ Regen+ Slay-4} (You found it on level 4 of the Dungeon)
  4386 | D:4      | Found Puem's Book Shoppe.
  4539 | D:5      | Entered Level 5 of the Dungeon
  4542 | D:5      | Found a shimmering altar of Xom.
  4584 | D:5      | Noticed a centaur
  4598 | D:5      | HP: 2/47 [centaur/arrow (13)]
  4599 | D:5      | Killed a centaur
  4599 | D:5      | Reached XP level 6. HP: 15/53 MP: 8/8
  4854 | D:5      | Found a stormy altar of Qazlal.
  4947 | D:5      | Reached skill level 5 in Fighting
  5129 | D:5      | Noticed an ice beast
  5203 | D:4      | Reached XP level 7. HP: 53/62 MP: 9/9
  5367 | D:5      | Reached skill level 6 in Fighting
  5849 | D:6      | Found a staircase to the Ecumenical Temple.
  5855 | D:6      | Found a shattered altar of Ashenzari.
  5905 | Temple   | Entered the Ecumenical Temple
  6132 | Temple   | Became a worshipper of Gozag Ym Sagoz the Greedy
  6198 | D:6      | Identified a +0 rod of the swarm (12/12) (You found it on level 6 of the Dungeon)
  6277 | D:6      | Reached XP level 8. HP: 71/71 MP: 10/10
  6355 | D:6      | Reached skill level 7 in Fighting
  6786 | D:6      | Noticed Sigmund
  6790 | D:6      | Found Feza's Food Boutique.
  6797 | D:6      | Killed Sigmund
  6797 | D:6      | Reached skill level 5 in Armour
  6812 | D:6      | Bought 2 fruits for 30 gold pieces
  6812 | D:6      | Bought a beef jerky for 15 gold pieces
  6812 | D:6      | Bought a beef jerky for 15 gold pieces
  6812 | D:6      | Bought a beef jerky for 15 gold pieces
  6846 | D:6      | Reached skill level 8 in Fighting
  6926 | D:6      | Found a radiant altar of Vehumet.
  7536 | D:7      | Found Zin's Purification Station.
  7538 | D:7      | Found a glowing silver altar of Zin.
  8107 | D:8      | Found a staircase to the Lair.
  8154 | D:8      | Reached XP level 9. HP: 75/82 MP: 11/11
  8644 | D:8      | Reached skill level 9 in Fighting
 10760 | D:9      | Bought a cursed ring of loudness for 54 gold pieces
 10760 | D:9      | Bought a cursed -2 ring of intelligence for 24 gold pieces
 10760 | D:9      | Bought a cursed amulet of inaccuracy for 24 gold pieces
 10860 | D:9      | Noticed a troll
 10876 | D:9      | Killed a troll
 10876 | D:9      | Reached skill level 10 in Fighting
 11176 | D:9      | Reached XP level 10. HP: 27/93 MP: 12/12
 12005 | D:9      | Bought an uncursed ring of see invisible for 180 gold pieces
 12007 | D:10     | Entered Level 10 of the Dungeon
 12131 | D:10     | Noticed a hill giant
 12259 | D:10     | Found Naser's General Store.
 12317 | D:10     | Killed a hill giant
 12335 | D:10     | Learned a level 2 spell: Repel Missiles
 12370 | D:10     | Learned a level 3 spell: Static Discharge
 12433 | D:10     | Bought a scroll of silence for 97 gold pieces
 12433 | D:10     | Bought a scroll of magic mapping for 45 gold pieces
 12568 | D:10     | Noticed a hill giant
 12598 | D:10     | Killed a hill giant
 12912 | D:10     | Noticed a hill giant
 12946 | D:10     | Killed a hill giant
 13244 | D:10     | Noticed an unseen horror
 13258 | D:10     | Killed an unseen horror
 13419 | D:10     | Bought a scroll of enchant weapon for 97 gold pieces
 13420 | D:10     | Bought a scroll of identify for 26 gold pieces
 13481 | D:11     | Found a staircase to the Orcish Mines.
 13511 | D:11     | Reached XP level 11. HP: 81/101 MP: 13/13
 13537 | D:11     | You fall through a shaft for 3 floors!
 13809 | D:14     | Found a flickering gateway to a bazaar.
 13818 | Bazaar   | Entered a bazaar
 13825 | Bazaar   | Found Zoitz's Food Emporium.
 13848 | Bazaar   | Found Pait's General Store.
 13853 | Bazaar   | Found Unuary's Jewellery Emporium.
 13854 | Bazaar   | Bought a scroll of identify for 28 gold pieces
 13854 | Bazaar   | Bought a scroll of fear for 49 gold pieces
 13854 | Bazaar   | Bought a potion of curing for 42 gold pieces
 13876 | Bazaar   | Found Maiz's Book Boutique.
 13890 | Bazaar   | Bought a +1 ring of slaying for 42 gold pieces
 13931 | D:13     | Reached skill level 5 in Dodging
 14050 | D:12     | Noticed a cyan ugly thing
 14154 | D:11     | Noticed a cyan ugly thing
 14193 | D:11     | Noticed a brown ugly thing
 14501 | D:11     | Noticed a purple ugly thing
 14545 | D:11     | Noticed a green ugly thing
 14564 | D:11     | Killed a purple ugly thing
 14647 | D:10     | Noticed a hill giant
 14727 | D:10     | Killed a hill giant
 15031 | D:11     | Identified a scroll of acquirement
 15786 | D:12     | Found a runed door.
 15786 | D:12     | Noticed a tengu warrior
 15786 | D:12     | Noticed a hill giant
 15827 | D:11     | Killed a hill giant
 15952 | D:11     | Noticed a centaur warrior
 15968 | D:11     | Killed a centaur warrior
 15968 | D:11     | Reached skill level 10 in Armour
 16139 | Orc:1    | Entered Level 1 of the Orcish Mines
 16144 | Orc:1    | Noticed an orc knight
 16672 | D:11     | Reached skill level 1 in Long Blades
 16812 | D:11     | Killed an orc knight
 17383 | D:11     | Killed a brown ugly thing
 18180 | Orc:1    | Noticed an orc sorcerer
 18182 | Orc:1    | Noticed an orc warlord
 18207 | Orc:1    | Killed an orc sorcerer
 18904 | Orc:1    | Noticed an orc knight
 19083 | D:11     | Noticed a six-headed hydra
 19165 | D:11     | Killed a four-headed hydra
 19165 | D:11     | Reached XP level 12. HP: 66/107 MP: 14/14
 19699 | D:11     | Killed an orc warlord
 19699 | D:11     | Reached skill level 5 in Long Blades
 20222 | D:11     | Noticed a storm dragon
 20807 | Lair:1   | Entered Level 1 of the Lair of Beasts
 23060 | D:9      | Bought the ring "Zamauz" {+Fly Slay+5 Stlth+} for 1455 gold pieces
 23929 | Lair:2   | Noticed Erica
 23990 | Lair:2   | Killed Erica
 24754 | Lair:3   | Noticed Nergalle
 24768 | Lair:3   | Killed Nergalle
 26217 | Lair:3   | Reached XP level 13. HP: 49/114 MP: 15/15
 26635 | Lair:4   | Noticed Snorg
 27174 | Lair:4   | Bought a bread ration for 50 gold pieces
 27174 | Lair:4   | Bought a beef jerky for 15 gold pieces
 27314 | Lair:4   | Killed Snorg
 27543 | Lair:4   | Found a staircase to the Shoals.
 28510 | Lair:5   | Reached skill level 10 in Dodging
 29698 | Lair:6   | Found a dark tunnel.
 29759 | Volcano  | Entered a volcano
 29875 | Volcano  | Found a bloodstained altar of Trog.
 29885 | Volcano  | Reached skill level 10 in Long Blades
 30393 | Lair:6   | Found a hole to the Spider Nest.
 31445 | Lair:6   | Got a dazzling battleaxe
 31446 | Lair:6   | Identified the +4 battleaxe of Tebuteug {chop, MR+ Int+6 Dex+3} (You found it on level 6 of the Lair of Beasts)
 31540 | Lair:6   | Upgraded the game from 0.18-a0-1140-g8540535 to 0.18-a0-1145-g178b0c7
 31547 | Lair:7   | Learned a level 3 spell: Inner Flame
 31612 | Lair:7   | Got a brightly glowing robe
 31613 | Lair:7   | Identified the +1 robe of Waiwof {MR+ Str+3} (You found it on level 7 of the Lair of Beasts)
 32052 | Lair:7   | Reached skill level 1 in Fire Magic
 32873 | Lair:7   | Reached XP level 14. HP: 83/122 MP: 14/18
 33325 | Lair:7   | Found a staircase to the Slime Pits.
 33429 | Lair:8   | Entered Level 8 of the Lair of Beasts
 34652 | Lair:8   | Reached skill level 5 in Air Magic
 36140 | Lair:7   | Reached skill level 5 in Fire Magic
 36867 | Lair:8   | Found a burning altar of Makhleb.
 36898 | Lair:8   | Reached skill level 5 in Spellcasting
 36907 | Lair:8   | HP: 5/122 [smoke demon/ball of steam (2)]
 37375 | Lair:8   | Found a gateway to Hell.
 37548 | Lair:4   | Bought a royal jelly for 20 gold pieces
 37548 | Lair:4   | Bought a meat ration for 50 gold pieces
 37548 | Lair:4   | Bought a meat ration for 50 gold pieces
 37548 | Lair:4   | Bought a meat ration for 50 gold pieces
 37548 | Lair:4   | Bought a meat ration for 50 gold pieces
 37548 | Lair:4   | Bought a bread ration for 50 gold pieces
 37995 | D:10     | Bought a royal jelly for 26 gold pieces
 37995 | D:10     | Bought a beef jerky for 19 gold pieces
 37999 | D:10     | Bought a potion of haste for 130 gold pieces
 37999 | D:10     | Bought a wand of teleportation (5/9) for 351 gold pieces
 38098 | D:6      | Bought a meat ration for 50 gold pieces
 38098 | D:6      | Bought a meat ration for 50 gold pieces
 38098 | D:6      | Bought a meat ration for 50 gold pieces
 38098 | D:6      | Bought a bread ration for 50 gold pieces
 38098 | D:6      | Bought a bread ration for 50 gold pieces
 38227 | D:11     | Engulfed by a cloud of flame

Vault maps used:
D:1:      dpeg_arrival_lava_altar, st_stairs_4, minmay_misc_feat_iff,
          due_unseen_surprise
D:2:      lemuel_round_altar, nicolae_ru_great_annihilating_truth,
          uniq_crazy_yiuf_cottage
D:3:      vehumet_crystals, first_bread
D:4:      gammafunk_temple_overflow_wave, serial_shops, shop, okawaru_gym_becter
D:5:      hangedman_feature_mirror, wad_floor_pattern_untrapped
D:6:      temple_fountains, serial_shops, nicolae_shop_scaring_up_business,
          basic_altar, cheibrodos_ashenzari_chains, uniq_sigmund
D:7:      zin_purify, hangedman_decor_diamond_cutter
D:8:      wad_crossroads, lair_0_dummy
D:9:      david_nohive_1
D:10:     serial_shops, nicolae_shop_waterfront
D:11:     hiddenorc2_lemuel, lab_entry_generic
D:12:     minmay_expanding_circles, tso_metal_star
D:13:     lemuel_upstairs_altar, trog_ov_bears_minmay
D:14:     nrook_guardian_serpent_snake_passage, grunt_vaults_entry_tiered,
          serial_park_tiny_1, serial_shops, bzr_entry_islet,
          nicolae_elemental_shop
Temple:   minmay_temple_curvy_14
Lair:1:   minmay_lair_venomous_thicket, beast_lair_carwin_6
Lair:2:   roderic_batcave, uniq_erica
Lair:3:   st_stairs_11, kennysheep_basilisk_garden, uniq_nergalle
Lair:4:   minmay_shoals_entry_beasts, grunt_megastairs_1, uniq_snorg
Lair:5:   infiniplex_staircase_pool_2, lemuel_fruit_tree
Lair:6:   statuecave_lemuel, spider_nest_entry_funnel_web,
          nicolae_volcano_entry_two_sided
Lair:7:   dpeg_slime_entry_corner
Lair:8:   evil_forest
Orc:1:    nicolae_orc_pool_cavern
Bazaar:   bazaar_kb_twisted_cavern
Volcano:  volcano_grotto

Action                   |  1- 3 |  4- 6 |  7- 9 | 10-12 | 13-15 || total
-------------------------+-------+-------+-------+-------+-------++-------
Melee: Mace              |    71 |       |       |       |       ||    71
       Dagger            |    36 |    84 |   252 |   282 |       ||   654
       Quarterstaff      |       |    55 |   169 |    48 |       ||   272
       Scimitar          |       |       |       |   466 |   742 ||  1208
       Battleaxe         |       |       |       |       |    41 ||    41
 Fire: Blowgun           |       |     5 |    37 |   201 |    27 ||   270
Throw: Javelin           |     3 |     6 |     9 |     7 |       ||    25
       Tomahawk          |       |       |       |    36 |       ||    36
 Cast: Shock             |     4 |       |       |    12 |   108 ||   124
       Repel Missiles    |       |       |       |     2 |       ||     2
       Static Discharge  |       |       |       |       |    11 ||    11
       Inner Flame       |       |       |       |       |    24 ||    24
Invok: Call Merchant     |       |       |     1 |       |     1 ||     2
 Abil: Evoke Flight      |       |       |       |       |     1 ||     1
Evoke: Wand              |       |     3 |     3 |    19 |     5 ||    30
       Rod               |       |       |     3 |    13 |       ||    16
  Use: Scroll            |     8 |     9 |     5 |    14 |    10 ||    46
       Potion            |       |     2 |     5 |     3 |     7 ||    17
 Stab: Invisible         |     2 |       |       |       |       ||     2
       Confused          |       |     1 |       |       |       ||     1
       Petrifying        |       |       |     2 |       |       ||     2
       Distracted        |       |       |     1 |     6 |     9 ||    16
       Petrified         |       |       |     1 |       |     2 ||     3
       Sleeping          |       |       |       |     3 |     3 ||     6
  Eat: Chunk             |     4 |     6 |     2 |       |       ||    12
       Fruit             |       |     1 |    10 |       |    10 ||    21
       Beef jerky        |       |       |     7 |       |     2 ||     9
       Pizza             |       |       |     1 |       |       ||     1
       Royal jelly       |       |       |       |     9 |     2 ||    11
       Bread ration      |       |       |       |     8 |     2 ||    10
       Meat ration       |       |       |       |       |     3 ||     3
